NCAA
GEORGETOWN HOYAS @ BOSTON COLLEGE EAGLES
06/05/2025
 
TOP OF THE 1ST
Georgetown Hoyas batting - Pitching for Boston College Eagles : RHP Culley Booth
Pitching: RHP Culley Booth
Batting: RHB Bob Lee 0-0: Called Strike
0-1: Called Strike
0-2: SINGLE (Groundball, 3D)
Batting: LHB José De La Cruz 0-0: Called Strike
0-1: SINGLE (Line Drive, 5D)
Bob Lee to second
Batting: SHB Jeffrey MacNeill 0-0: Foul Ball, location: 2F
0-1: Foul Ball, location: 2F
0-2: Ball
1-2: Ball
2-2: Ball
3-2: Foul Ball, location: 2F
3-2: Base on Balls
Bob Lee to third
José De La Cruz to second
Pitching: LHP Mario González
Batting: LHB Ken Bullard 0-0: Called Strike
0-1: Fly out, F7 (Flyball, 78XD)
Runner from 3rd tags up, SCORES, no throw
Batting: RHB Hubert MacDonald 0-0: 3-RUN HOME RUN (Flyball, 9D), Distance : 344 ft
Batting: RHB Brian Harvey 0-0: Foul Ball, location: 2F
0-1: Fly out, F7 (Flyball, 78M)
Batting: RHB Luis Flores 0-0: Called Strike
0-1: Ball
1-1: Foul Ball, location: 2F
1-2: Ball
2-2: Ball
3-2: Fly out, F4 (Popup, 4MS)
Top of the 1st over - 4 run(s), 3 hit(s), 0 error(s), 0 left on base; Georgetown 4 - Boston College 0
BOTTOM OF THE 1ST
Boston College Eagles batting - Pitching for Georgetown Hoyas : LHP Josh Chamberlain
Pitching: LHP Josh Chamberlain
Batting: RHB Randall Luna 0-0: Ball
1-0: Swinging Strike
1-1: Foul Ball, location: 2F
1-2: Ball
2-2: Strikes out swinging
Batting: RHB Emory Brooks 0-0: Swinging Strike
0-1: Foul Ball, location: 2F
0-2: Foul Ball, location: 2F
0-2: Strikes out swinging
Batting: LHB Dave Cook 0-0: Swinging Strike
0-1: Called Strike
0-2: Foul Ball, location: 2F
0-2: Ball
1-2: Ball
2-2: Foul Ball, location: 2F
2-2: Foul Ball, location: 2F
2-2: Foul Ball, location: 2F
2-2: Ball
3-2: Ground out 4-3 (Groundball, 4)
Bottom of the 1st over - 0 run(s), 0 hit(s), 0 error(s), 0 left on base; Georgetown 4 - Boston College 0
TOP OF THE 2ND
Georgetown Hoyas batting - Pitching for Boston College Eagles : LHP Mario González
Batting: LHB Robinson Ordóńez 0-0: Ball
1-0: Ball
2-0: Foul Ball, location: 2F
2-1: Foul Ball, location: 2F
2-2: Strikes out swinging
Batting: RHB Glenn Rojas 0-0: Ball
1-0: Foul Ball, location: 2F
1-1: Swinging Strike
1-2: Ball
2-2: Ball
3-2: Strikes out swinging
Batting: RHB Bob Lee 0-0: Called Strike
0-1: Ball
1-1: Ground out 4-3 (Groundball, 4)
Top of the 2nd over - 0 run(s), 0 hit(s), 0 error(s), 0 left on base; Georgetown 4 - Boston College 0
BOTTOM OF THE 2ND
Boston College Eagles batting - Pitching for Georgetown Hoyas : LHP Josh Chamberlain
Batting: RHB Will Stafford 0-0: Called Strike
0-1: Ball
1-1: Fly out, F9 (Line Drive, 9LS)
Batting: RHB Wade Ayers 0-0: Swinging Strike
0-1: Ball
1-1: Ball
2-1: SINGLE (Groundball, 4MD)
Batting: RHB Dennis House 0-0: Ball
Pickoff Throw by Catcher to First - Out!
1-0: Called Strike
1-1: Ball
2-1: Foul Ball, location: 2F
2-2: Foul Ball, location: 2F
2-2: Fly out, F8 (Line Drive, 8RM)
Bottom of the 2nd over - 0 run(s), 1 hit(s), 0 error(s), 0 left on base; Georgetown 4 - Boston College 0
TOP OF THE 3RD
Georgetown Hoyas batting - Pitching for Boston College Eagles : LHP Mario González
Batting: LHB José De La Cruz 0-0: Foul Ball, location: 2F
0-1: Called Strike
0-2: Ball
1-2: Strikes out looking
Batting: SHB Jeffrey MacNeill 0-0: SINGLE (Line Drive, 7LS)
Batting: LHB Ken Bullard 0-0: Foul Ball, location: 2F
0-1: Swinging Strike
0-2: Ball
1-2: Strikes out swinging
Batting: RHB Hubert MacDonald 0-0: Called Strike
0-1: Called Strike
0-2: Foul Ball, location: 2F
0-2: Ground out 5-3 (Groundball, 56)
Top of the 3rd over - 0 run(s), 1 hit(s), 0 error(s), 1 left on base; Georgetown 4 - Boston College 0
BOTTOM OF THE 3RD
Boston College Eagles batting - Pitching for Georgetown Hoyas : LHP Josh Chamberlain
Batting: RHB Jesús Morales 0-0: Ground out 5-3 (Groundball, 5)
Batting: LHB Greg Hyde 0-0: SINGLE (Groundball, 4MD)
Batting: RHB José Gómez 0-0: Ball
1-0: Foul Ball, location: 2F
1-1: Ball
Wild Pitch!
Greg Hyde to second
2-1: Fly out, F3 (Popup, 3F)
Batting: RHB Randall Luna 0-0: Ball
1-0: Swinging Strike
1-1: Ball
2-1: Foul Ball, location: 2F
2-2: Ball
3-2: Foul Ball, location: 2F
3-2: Fly out, F7 (Flyball, 78M)
Bottom of the 3rd over - 0 run(s), 1 hit(s), 0 error(s), 1 left on base; Georgetown 4 - Boston College 0
TOP OF THE 4TH
Georgetown Hoyas batting - Pitching for Boston College Eagles : LHP Mario González
Batting: RHB Brian Harvey 0-0: Ball
1-0: Swinging Strike
1-1: SOLO HOME RUN (Flyball, 7D), Distance : 352 ft
Batting: RHB Luis Flores 0-0: Ground out 4-3 (Groundball, 4M)
Batting: LHB Robinson Ordóńez 0-0: Ball
1-0: Called Strike
1-1: Ball
2-1: Called Strike
2-2: SINGLE (Groundball, 25) (infield hit)
Batting: RHB Glenn Rojas 0-0: Ball
1-0: Ball
2-0: Ball
3-0: Base on Balls
Robinson Ordóńez to second
Pitching: LHP Sixto Pineda
Batting: RHB Bob Lee 0-0: Called Strike
0-1: Swinging Strike
0-2: Ball
1-2: Fly out, F4 (Line Drive, 4)
Batting: LHB José De La Cruz 0-0: Ball
1-0: Ball
2-0: Ground out 4-3 (Groundball, 13)
Top of the 4th over - 1 run(s), 2 hit(s), 0 error(s), 2 left on base; Georgetown 5 - Boston College 0
BOTTOM OF THE 4TH
Boston College Eagles batting - Pitching for Georgetown Hoyas : LHP Josh Chamberlain
Batting: RHB Emory Brooks 0-0: Ball
1-0: Ball
2-0: Called Strike
2-1: Fly out, F8 (Flyball, 8RM)
Batting: LHB Dave Cook 0-0: Ball
1-0: Foul Ball, location: 2F
1-1: Foul Ball, location: 2F
1-2: Ball
2-2: Ball
3-2: Ground out U3 (Groundball, 3)
Batting: RHB Will Stafford 0-0: Called Strike
0-1: Ball
1-1: Fly out, F9 (Flyball, 9M)
Bottom of the 4th over - 0 run(s), 0 hit(s), 0 error(s), 0 left on base; Georgetown 5 - Boston College 0
TOP OF THE 5TH
Georgetown Hoyas batting - Pitching for Boston College Eagles : LHP Sixto Pineda
Batting: SHB Jeffrey MacNeill 0-0: Called Strike
0-1: Ball
1-1: Called Strike
1-2: Strikes out looking
Batting: LHB Ken Bullard 0-0: Called Strike
0-1: Foul Ball, location: 2F
0-2: Ball
1-2: Ball
2-2: Ball
3-2: Foul Ball, location: 2F
3-2: Base on Balls
Batting: RHB Hubert MacDonald 0-0: Called Strike
0-1: Ball
1-1: Foul Ball, location: 2F
1-2: Ball
2-2: Fly out, F6 (Popup, 6D)
Batting: RHB Brian Harvey 0-0: Called Strike
0-1: Ball
Ken Bullard steals 2nd base
1-1: Fly out, F7 (Flyball, 78XD)
Top of the 5th over - 0 run(s), 0 hit(s), 0 error(s), 1 left on base; Georgetown 5 - Boston College 0
BOTTOM OF THE 5TH
Boston College Eagles batting - Pitching for Georgetown Hoyas : LHP Josh Chamberlain
Batting: RHB Wade Ayers 0-0: Called Strike
0-1: Fly out, F3 (Popup, 3SF)
Batting: RHB Dennis House 0-0: SOLO HOME RUN (Flyball, 9LD), Distance : 337 ft
Batting: RHB Jesús Morales 0-0: Ball
1-0: Swinging Strike
1-1: Ball
2-1: Swinging Strike
2-2: Ground out 6-3 (Groundball, 6M)
Batting: LHB Greg Hyde 0-0: Called Strike
0-1: Hit by Pitch
Pitching: RHP Earl Sullivan
Batting: RHB José Gómez 0-0: Called Strike
0-1: Ball
1-1: Ball
2-1: Foul Ball, location: 2F
2-2: Strikes out swinging
Bottom of the 5th over - 1 run(s), 1 hit(s), 0 error(s), 1 left on base; Georgetown 5 - Boston College 1
TOP OF THE 6TH
Georgetown Hoyas batting - Pitching for Boston College Eagles : LHP Sixto Pineda
Batting: RHB Luis Flores 0-0: Called Strike
0-1: Ball
1-1: Ball
2-1: Ball
3-1: Foul Ball, location: 2F
3-2: Foul Ball, location: 2F
3-2: Base on Balls
Batting: LHB Robinson Ordóńez 0-0: Called Strike
0-1: Called Strike
0-2: Ball
1-2: Ball
2-2: Foul Ball, location: 2F
2-2: SINGLE (Groundball, 4MD) (infield hit)
Luis Flores to second
Pitching: RHP Donnie Carpenter
Batting: RHB Glenn Rojas 0-0: Called Strike
0-1: Foul Ball, location: 2F
0-2: Ball
1-2: Strikes out swinging
Batting: RHB Bob Lee 0-0: Fly out, F3 (Popup, 23F)
Batting: LHB José De La Cruz 0-0: Ball
1-0: Ball
2-0: Foul Ball, location: 2F
2-1: Foul Ball, location: 2F
2-2: Strikes out swinging
Top of the 6th over - 0 run(s), 1 hit(s), 0 error(s), 2 left on base; Georgetown 5 - Boston College 1
BOTTOM OF THE 6TH
Boston College Eagles batting - Pitching for Georgetown Hoyas : RHP Earl Sullivan
Batting: RHB Randall Luna 0-0: Foul Ball, location: 2F
0-1: Ball
1-1: Ball
2-1: Swinging Strike
2-2: Fly out, F6 (Popup, 6D)
Batting: RHB Emory Brooks 0-0: Called Strike
0-1: Called Strike
0-2: Ball
1-2: Ball
2-2: Ball
3-2: Fly out, F7 (Flyball, 78M)
Batting: LHB Dave Cook 0-0: Called Strike
0-1: Foul Ball, location: 2F
0-2: Ball
1-2: Ball
2-2: Ball
3-2: Foul Ball, location: 2F
3-2: SINGLE (Groundball, 56D)
Batting: RHB Will Stafford 0-0: Called Strike
0-1: Ground out 5-3 (Groundball, 56S)
Bottom of the 6th over - 0 run(s), 1 hit(s), 0 error(s), 1 left on base; Georgetown 5 - Boston College 1
TOP OF THE 7TH
Georgetown Hoyas batting - Pitching for Boston College Eagles : RHP Donnie Carpenter
Batting: SHB Jeffrey MacNeill 0-0: Ball
1-0: Ball
2-0: Called Strike
2-1: Swinging Strike
2-2: Strikes out swinging
Batting: LHB Ken Bullard 0-0: SINGLE (Line Drive, 34D)
Batting: RHB Hubert MacDonald 0-0: Ball
Ken Bullard steals 2nd base
1-0: Intentional Walk
Batting: RHB Brian Harvey 0-0: Ball
1-0: Ball
2-0: Ball
3-0: Called Strike
3-1: Foul Ball, location: 2F
3-2: Strikes out swinging
Batting: RHB Luis Flores 0-0: Foul Ball, location: 2F
0-1: Swinging Strike
0-2: Strikes out swinging
Top of the 7th over - 0 run(s), 1 hit(s), 0 error(s), 2 left on base; Georgetown 5 - Boston College 1
BOTTOM OF THE 7TH
Boston College Eagles batting - Pitching for Georgetown Hoyas : RHP Earl Sullivan
Batting: RHB Wade Ayers 0-0: Ball
1-0: Fly out, F6 (Popup, 5D)
Batting: RHB Dennis House 0-0: Swinging Strike
0-1: Ball
1-1: Swinging Strike
1-2: Strikes out looking
Batting: RHB Jesús Morales 0-0: Ball
1-0: Called Strike
1-1: Foul Ball, location: 2F
1-2: Strikes out swinging
Bottom of the 7th over - 0 run(s), 0 hit(s), 0 error(s), 0 left on base; Georgetown 5 - Boston College 1
TOP OF THE 8TH
Georgetown Hoyas batting - Pitching for Boston College Eagles : RHP Donnie Carpenter
Pitching: RHP Carlos Flores
Batting: LHB Robinson Ordóńez 0-0: Foul Ball, location: 2F
0-1: Fly out, F6 (Popup, 56D)
Batting: RHB Glenn Rojas 0-0: Ball
1-0: Foul Ball, location: 2F
1-1: DOUBLE (Flyball, 89D)
Batting: RHB Bob Lee 0-0: Foul Ball, location: 2F
0-1: Ball
1-1: Foul Ball, location: 2F
1-2: Strikes out swinging
Batting: LHB José De La Cruz 0-0: Ball
1-0: Ground out 4-3 (Groundball, 4)
Top of the 8th over - 0 run(s), 1 hit(s), 0 error(s), 1 left on base; Georgetown 5 - Boston College 1
BOTTOM OF THE 8TH
Boston College Eagles batting - Pitching for Georgetown Hoyas : RHP Earl Sullivan
Pitching: LHP Joseph Elliott
Batting: LHB Greg Hyde 0-0: Called Strike
0-1: Fly out, F6 (Popup, 56)
Batting: RHB José Gómez 0-0: Fly out, F6 (Popup, 6)
Batting: RHB Randall Luna 0-0: Ball
1-0: Swinging Strike
1-1: Ball
2-1: Swinging Strike
2-2: Strikes out swinging
Bottom of the 8th over - 0 run(s), 0 hit(s), 0 error(s), 0 left on base; Georgetown 5 - Boston College 1
TOP OF THE 9TH
Georgetown Hoyas batting - Pitching for Boston College Eagles : RHP Carlos Flores
Batting: SHB Jeffrey MacNeill 0-0: Ball
1-0: Foul Ball, location: 2F
1-1: Called Strike
1-2: Foul Ball, location: 2F
1-2: Ball
2-2: Ball
3-2: Ground out 3-1 (Groundball, 34S)
Batting: LHB Ken Bullard 0-0: Called Strike
0-1: Foul Ball, location: 2F
0-2: Foul Ball, location: 2F
0-2: Foul Ball, location: 2F
0-2: Ball
1-2: Ball
2-2: Fly out, F7 (Line Drive, 7M)
Batting: RHB Hubert MacDonald 0-0: Ball
1-0: Called Strike
1-1: Fly out, F8 (Flyball, 78XD)
Top of the 9th over - 0 run(s), 0 hit(s), 0 error(s), 0 left on base; Georgetown 5 - Boston College 1
BOTTOM OF THE 9TH
Boston College Eagles batting - Pitching for Georgetown Hoyas : LHP Joseph Elliott
Batting: RHB Emory Brooks 0-0: Ground out 6-3 (Groundball, 6M)
Batting: LHB Dave Cook 0-0: Ball
1-0: Ball
2-0: Ball
3-0: Base on Balls
Batting: RHB Will Stafford 0-0: Ground out 5-3 (Groundball, 56S)
Dave Cook to second
Batting: RHB Wade Ayers 0-0: Ground out 1-3 (Groundball, 13)
Bottom of the 9th over - 0 run(s), 0 hit(s), 0 error(s), 1 left on base; Georgetown 5 - Boston College 1
This league is powered by Out of the Park Baseball, the baseball management simulation game for PC, Mac and Linux
Tuesday, August 2nd, 2016 - OOTP Baseball 16.8 Build 38